 Dungeon Crawl Stone Soup version 0.28.0-62-gf88900778d (webtiles) character file.

Game seed: 409488089773842076

7 Froggeryz the Skirmisher (level 1, -2/18 HPs)
             Began as a Demonspawn Abyssal Knight on Jan 29, 2024.
             Was an Initiate of Lugonu.
             Slain by a quokka (4 damage)
             ... on level 1 of the Dungeon.
             The game lasted 00:00:21 (641 turns).

Froggeryz the Skirmisher (Demonspawn Abyssal Knight) Turns: 641, Time: 00:00:21

Health: -2/18      AC:  3    Str: 13    XL:     1   Next: 83%
Magic:  2/2        EV: 11    Int: 11    God:    Lugonu [......]
Gold:   7          SH:  0    Dex: 13    Spells: 0/0 levels left

rFire   . . .      SeeInvis .     - Unarmed
rCold   . . .      Faith    .   (no shield)
rNeg    . . .      Spirit   .   a - +0 leather armour
rPois   .          Reflect  .   (no helmet)
rElec   .          Harm     .   (no cloak)
rCorr   .          Rampage  .   (no gloves)
Will    .....                   (no boots)
Stlth   +.........              (no amulet)
HPRegen 0.06/turn               (no ring)
MPRegen 0.08/turn               (no ring)

@: no status effects
A: no striking features
a: Renounce Religion


You were on level 1 of the Dungeon.
You worshipped Lugonu.
Lugonu was noncommittal.
You visited 1 branch of the dungeon, and saw 1 of its levels.
You visited the Abyss 1 time.

You collected 7 gold pieces.

Inventory:

Armour
 a - a +0 leather armour (worn)
Jewellery
 b - a ring of ice


   Skills:
 + Level 3.1 Fighting
 + Level 1.9 Armour
 - Level 0.8 Dodging
 * Level 2.1 Unarmed Combat
 - Level 2.4 Invocations


You couldn't memorise any spells.
You didn't know any spells.
Your spell library was empty.

Dungeon Overview and Level Annotations

Branches:
Dungeon (1/15)

Altars:


Message History

You are too injured to fight recklessly!
You are too injured to fight recklessly!
You are too injured to fight recklessly!
You are too injured to fight recklessly!
You hit the rat.
You kill the rat!
Lugonu accepts your kill. The quokka barely misses you.
The goblin completely misses you.
You hit the goblin.
The goblin is moderately wounded.
The quokka closely misses you. The goblin closely misses you.
You closely miss the goblin.
The goblin is moderately wounded.
The quokka barely misses you.
You completely miss the goblin.
The goblin is moderately wounded.
The quokka bites you. The goblin hits you but does no damage.
You hit the goblin.
The goblin is severely wounded.
The quokka closely misses you. The goblin hits you with a +0 dagger.
* * * LOW HITPOINT WARNING * * *
The quokka barely misses you.
You miss the goblin.
The goblin is severely wounded.
The goblin hits you with a +0 dagger.
* * * LOW HITPOINT WARNING * * *
The quokka barely misses you.
You hit the goblin.
You kill the goblin!
Lugonu accepts your kill. The quokka bites you.
* * * LOW HITPOINT WARNING * * *
You closely miss the quokka. The quokka barely misses you.
You hit the quokka.
The quokka is severely wounded.
The quokka barely misses you.
You hit the quokka but do no damage.
The quokka is heavily wounded.
The quokka bites you.
You die...

#.# #.# #...# #†#
#...# #.# #...# #.#
### #...# #.#
...#...# ##.#
####.#...# ...#
.......).# ##.#
#r@# ####
#######..# #
.........# #
######.## # #.# #
#.### # #...#
#################.#
..................#


You could see a quokka.

Vanquished Creatures
  An endoplasm (D:1)
  A goblin (D:1)
  A hobgoblin (D:1)
  A ball python (D:1)
  A frilled lizard (D:1)
  2 rats (D:1)
7 creatures vanquished.

Notes
Turn   | Place    | Note
-------+----------+-------------------------------------------
     0 | Abyss:1  | Froggeryz the Demonspawn Abyssal Knight began the quest for
                  | the Orb.
     0 | Abyss:1  | Reached XP level 1. HP: 18/18 MP: 2/2
    35 | Abyss:1  | Noticed a green death
    41 | D:1      | Escaped the Abyss
   641 | D:1      | Slain by a quokka

Illustrated notes

Levels and vault maps discovered:
D:1:      pf_arrival_petrified_forest, layout_basic,
          hellmonk_ecumenical_altar_leap_of_faith,
          nicolae_concentric_dashed_squares_mild, patterned_corridor

Skill      XL: |  1 |
---------------+----+-----
Unarmed Combat | 2 |  2.1
Fighting       | |  3.1
Armour         | |  1.9
Dodging        | |  0.8
Invocations    | |  2.4

Action                   || total
-------------------------++-------
Melee: Unarmed           ||    41
       Punch             ||     1
Invok: Depart the Abyss  ||     1
Armor: Leather armour    ||    10
Dodge: Dodged            ||    29
